 Dungeon Crawl Stone Soup version 0.30-a0-802-gb92711bcdf (webtiles) character file.

Game seed: 14633563834449953047

154 NinjaNoafa the Trooper (level 5, -5/48 HPs)
             Began as a Hill Orc Monk on Feb 24, 2023.
             Slain by a gnoll sergeant
             ... wielding a +0 trident of freezing
              (11 damage)
             ... on level 4 of the Dungeon.
             The game lasted 00:07:58 (2012 turns).

NinjaNoafa the Trooper (Hill Orc Monk)              Turns: 2012, Time: 00:07:59

Health: -5/48      AC: 11    Str: 15 (18) XL:     5   Next: 35%
Magic:  14/14      EV:  7    Int: 10 (13) God:
Gold:   110        SH:  0    Dex: 10 (13) Spells: 4/4 levels left

rFire   . . .      SeeInvis .    a - +0 spear
rCold   . . .      Faith    .    (no shield)
rNeg    . . .      Spirit   .    t - +0 chain mail
rPois   .          Reflect  .    m - +0 helmet
rElec   .          Harm     .    (no cloak)
rCorr   .          Rampage  .    l - +0 pair of gloves
Will    .....                    (no boots) Stlth
                                 (no amulet)
HPRegen 0.28/turn                s - ring of Zippion {*Slow MP+9 Str+2 Int+3}
MPRegen 0.14/turn                (no ring)

@: flying
A: no striking features
a: no special abilities


You were on level 4 of the Dungeon.
You visited 1 branch of the dungeon, and saw 4 of its levels.

You collected 110 gold pieces.

Inventory:

Hand Weapons
 a - a +0 spear (weapon)
 p - a +2 short sword of venom
Missiles
 q - a boomerang (quivered)
Armour
 l - a +0 pair of gloves (worn)
 m - a +0 helmet (worn)
 t - a +0 chain mail (worn)
Jewellery
 r - a ring of ice
 s - the ring of Zippion (left hand) {*Slow MP+9 Str+2 Int+3}
   (You found it on level 4 of the Dungeon)

   [ring of magical power]

   Str:       It affects your strength (+2).
   Int:       It affects your intelligence (+3).
   MP:        It affects your magic capacity (+9).
   *Slow:     It may slow you when you take damage.
Scrolls
 b - a scroll of immolation {unknown}
 d - 2 scrolls of blinking {unknown}
 g - a scroll of fear {unknown}
 h - a scroll of enchant weapon {unknown}
 j - a scroll of identify {unknown}
 k - 2 scrolls of vulnerability {unknown}
Potions
 e - a potion of heal wounds {unknown}
 f - 2 potions of degeneration
 n - a potion of curing {unknown}
 o - a potion of flight


   Skills:
 + Level 5.0 Fighting
 + Level 4.5 Polearms
 + Level 2.9 Armour
 - Level 2.4 Dodging
 - Level 1.5 Stealth


You had 4 spell levels left.
You didn't know any spells.
Your spell library contained the following spells:

 Spells                   Type           Power      Damage    Failure   Level
 Blink                    Tloc           0%         N/A       100%        2
 Lesser Beckoning         Tloc           0%         N/A       100%        2
 Momentum Strike          Conj/Tloc      0%         3d8       100%        2
 Hailstorm                Conj/Ice       0%         3d3       100%        3
 Ice Form                 Ice/Tmut       0%         N/A       100%        4
 Simulacrum               Ice/Necr       0%         N/A       100%        6


Dungeon Overview and Level Annotations

Branches:
Dungeon (4/15)
 Temple: D:4-7

Altars:

Annotations:
D:3 Grinder


Message History

You are confused.
You feel invigorated.
The gnoll sergeant hits you but does no damage.
The gnoll sergeant hits you but does no damage.
The gnoll sergeant hits you from afar with a +0 trident of freezing!
The gnoll sergeant freezes you.
The gnoll sergeant hits you with a +0 trident of freezing.
The gnoll sergeant freezes you.
You hit the gnoll sergeant but do no damage.
The gnoll sergeant is lightly wounded.
The gnoll sergeant hits you with a +0 trident of freezing.
The gnoll sergeant freezes you.
You closely miss the gnoll sergeant.
The gnoll sergeant is lightly wounded.
The gnoll sergeant barely misses you.
The gnoll sergeant hits you with a +0 trident of freezing!
The gnoll sergeant freezes you.
* * * LOW HITPOINT WARNING * * *
You bump into the rock wall.
The gnoll sergeant closely misses you. The gnoll sergeant blocks your attack.
The gnoll sergeant is lightly wounded.
You feel less invigorated.
You feel less confused.
The gnoll sergeant hits you with a +0 trident of freezing!
* * * LOW HITPOINT WARNING * * *
The gnoll sergeant freezes you.
* * * LOW HITPOINT WARNING * * *
It was a potion of degeneration.
There was something very wrong with that liquid.
You feel weakened.
You feel dopey.
You feel clumsy.
The gnoll sergeant hits you with a +0 trident of freezing!
* * * LOW HITPOINT WARNING * * *
The gnoll sergeant freezes you.
* * * LOW HITPOINT WARNING * * *
The gnoll sergeant hits you but does no damage.
It was a potion of flight.
You feel very buoyant.
You fly up into the air.
The gnoll sergeant hits you from afar with a +0 trident of freezing!
You die...

## ############## ###
... ....##......## ...
.#.. #..##..##..## ..
.....##.g.##..##..## .#
#.......##..##..##.#
#..#@........##....#
.....................##
........############.###
#######.# .............
#.# ..........### #.#
............. #.#
.........#### #.#
.............
######'#####


You could see a gnoll sergeant.

Vanquished Creatures
  An orc wizard (D:3)
  Robin (D:2)
  A gnoll (D:3)
  2 adders
  A worm (D:2)
  3 orcs (D:3)
  3 ball pythons
  7 bats
  4 endoplasms
  7 giant cockroaches
  6 hobgoblins
  4 jackals (D:1)
  2 quokkas
  8 frilled lizards
  18 goblins
  4 kobolds
  6 rats
78 creatures vanquished.

Vanquished Creatures (others)
  A fungus (D:2)
  A plant (D:2)
2 creatures vanquished.

Grand Total: 80 creatures vanquished

Notes
Turn   | Place    | Note
-------+----------+-------------------------------------------
     0 | D:1      | NinjaNoafa the Hill Orc Monk began the quest for the Orb.
     0 | D:1      | Reached XP level 1. HP: 19/19 MP: 1/1
   142 | D:1      | Reached XP level 2. HP: 21/27 MP: 2/2
   289 | D:1      | Reached skill level 1 in Armour
   308 | D:1      | Reached skill level 4 in Fighting
   611 | D:1      | Reached XP level 3. HP: 28/33 MP: 3/3
  1012 | D:2      | Noticed Robin
  1024 | D:2      | Reached XP level 4. HP: 29/41 MP: 4/4
  1039 | D:2      | Killed Robin
  1413 | D:2      | Found a faded altar of an unknown god.
  1639 | D:3      | Reached XP level 5. HP: 47/47 MP: 5/5
  1810 | D:3      | Reached skill level 5 in Fighting
  1810 | D:3      | Noticed Grinder
  1826 | D:4      | Identified the ring of Zippion {*Slow MP+9 Str+2 Int+3}
  2012 | D:4      | Slain by a gnoll sergeant

Illustrated notes

Levels and vault maps discovered:
D:1:      matt_arrival_grand_opening, layout_loops_corners
D:2:      layout_loops_ring, serial_glass, glass_columns_b, glass_columns_b,
          shapermc_ecumenical_altar_ellora, uniq_robin
D:3:      layout_loops_ring, gammafunk_ghost_necromancy, uniq_grinder
D:4:      minmay_thinvault, layout_basic, serial_undead, serial_undead_c,
          serial_undead_d, serial_undead_d, serial_undead_c

Skill      XL: |  1  2  3  4  5 |
---------------+----------------+-----
Armour         | 1 2 |  2.9
Fighting       | 4 5 |  5.0
Polearms       | 4 |  4.5
Dodging        | |  2.4
Stealth        | |  1.5

Action                     |  1- 3 |  4- 6 || total
---------------------------+-------+-------++-------
  Melee: Spear             |   176 |    91 ||   267
         Short sword       |       |    28 ||    28
    Use: Potion            |       |     3 ||     3
   Stab: Sleeping          |     3 |     5 ||     8
 Armour: Robe              |    11 |       ||    11
         Leather armour    |    30 |    26 ||    56
         Chain mail        |       |     5 ||     5
  Dodge: Dodged            |   118 |    49 ||   167

Table legend: (Time is in decaauts)
 A = Elapsed time spent in this place.
 B = Non-inter-level travel time spent in this place.
 C = Inter-level travel time spent in this place.
 D = Time resting spent in this place.
 E = Time spent auto-exploring this place.
 F = Levels seen in this place.
 G = Mean time per level.
                   A        B        C        D        E       F      G
               +--------+--------+--------+--------+--------+-----+--------+
         Total |   1986 |   1729 |    257 |      0 |    214 |   4 |  496.5 |
       Dungeon |   1986 |   1729 |    257 |      0 |    214 |   4 |  496.5 |
               +--------+--------+--------+--------+--------+-----+--------+

Top non-repeatable levels by time:
     D:1: 851 daAuts
     D:2: 738 daAuts
     D:3: 212 daAuts
     D:4: 184 daAuts
